 Dungeon Crawl Stone Soup version 0.19.5 (webtiles) character file.

2942 Ponchio the Thaumaturge (level 9, -6/45 HPs)
             Began as a Deep Elf Conjurer on Mar 23, 2017.
             Was a Follower of Vehumet.
             Mangled by a four-headed hydra (16 damage)
             ... on level 8 of the Dungeon.
             The game lasted 00:48:48 (9047 turns).

Ponchio the Thaumaturge (Deep Elf Conjurer)         Turns: 9047, Time: 00:48:49

Health: -6/45      AC:  6    Str:  3    XL:     9   Next: 51%
Magic:  18/25      EV: 13    Int: 24    God:    Vehumet [*.....]
Gold:   304        SH:  0    Dex: 15    Spells: 3 memorised, 19 levels left

rFire  . . .     SeeInvis .     d - +2 dagger (speed)
rCold  . . .     Gourm    .     e - +1 robe {MR+}
rNeg   . . .     Faith    .     (no shield)
rPois  .         Spirit   .     (no helmet)
rElec  .         Reflect  .     (no cloak)
rCorr  .         Harm     .     g - +1 pair of gloves
MR     +....                    n - +0 pair of boots
Stlth  ++........               q - amulet of magic regeneration
                                (no ring)
                                (no ring)

@: hasted, very quick
A: weak 1
a: Renounce Religion


You were on level 8 of the Dungeon.
You worshipped Vehumet.
Vehumet was aware of your devotion.
You were not hungry.

You visited 2 branches of the dungeon, and saw 9 of its levels.

You collected 364 gold pieces.
You spent 60 gold pieces at shops.

Inventory:

Hand Weapons
 d - a +2 dagger of speed (weapon)
 i - a +1 dagger of electrocution
Armour
 a - a +0 robe
 e - a +1 robe of magic resistance (worn)
 g - a +1 pair of gloves (worn)
 n - a +0 pair of boots (worn)
Jewellery
 q - an amulet of magic regeneration (around neck)
 s - a +4 amulet of reflection
Wands
 y - a wand of confusion (4/48)
Scrolls
 o - 2 scrolls of recharging
 p - 6 scrolls of teleportation
 t - 3 scrolls of fear
 x - a scroll of magic mapping
 A - a scroll of amnesia
Potions
 j - 4 potions of lignification
 m - 2 potions of curing
 u - 2 potions of invisibility
 v - 2 potions of heal wounds
 w - 2 potions of flight
 z - 2 potions of berserk rage
 C - a potion of agility {unknown}
 E - a potion of might {unknown}
 F - 2 potions of brilliance
Books
 b - a book of Conjurations

   Spells                             Type                      Level
   a - Magic Dart                     Conjuration                  1
   b - Searing Ray                    Conjuration                  2
   c - Dazzling Spray                 Conjuration/Hexes            3
   d - Fulminant Prism                Conjuration/Hexes            4
   e - Iskenderun's Mystic Blast      Conjuration                  4
   f - Iskenderun's Battlesphere      Conjuration/Charms           5
Comestibles
 c - 6 bread rations
 l - 5 meat rations
 r - a slice of pizza
 D - a beef jerky


   Skills:
 - Level 2.4 Dodging
 - Level 2.4 Stealth
 * Level 10.4 Spellcasting
 * Level 9.7 Conjurations
 + Level 10.3 Charms


You had 19 spell levels left.
You knew the following spells:

 Your Spells              Type           Power        Failure   Level  Hunger
a - Magic Dart            Conj           ####         1%          1    None
b - Iskenderun's Battles  Conj/Chrm      ######..     2%          5    ####...
c - Dazzling Spray        Conj/Hex       #####.       2%          3    None


Dungeon Overview and Level Annotations

Branches:
Dungeon (8/15)             Temple (1/1) D:6            Lair (0/6) D:8

Altars:
Cheibriados
Elyvilon
Fedhas
Hepliaklqana
Kikubaaqudgha
Makhleb
Okawaru
Qazlal
Ru
Sif Muna
Uskayaw
Vehumet
Xom
Yredelemnul
The Shining One

Shops:
D:4 *==   D:6 %


Innate Abilities, Weirdness & Mutations

You are weak. (Str -2)


Message History

The four-headed hydra bites your battlesphere. x3
The four-headed hydra bites your battlesphere!
Casting: Iskenderun's Battlesphere
Confirm with . or Enter, or press ? or * to list all spells.
Aiming: Dazzling Spray
Press: ? - help, Shift-Dir - straight line, f - four-headed hydra
Aim: a four-headed hydra The spray of energy hits the four-headed hydra.
The four-headed hydra is lightly wounded.
Your battlesphere fires!
The barrage of energy hits the four-headed hydra.
The four-headed hydra is moderately wounded.
The four-headed hydra bites you! The four-headed hydra misses you.
The four-headed hydra bites you! x2
* * * LOW HITPOINT WARNING * * *
Casting: Dazzling Spray
Confirm with . or Enter, or press ? or * to list all spells.
Okay, then.
You feel yourself speed up. The four-headed hydra bites you!
You die...

**,* **,********** **************
,,,,,,,,,,,,* *,,,,,,,,,,,,,
,,,,,,,,,,,,*###***#,***********,
**,,,,,,,,,,,,..,,.#,* *,
,*,*,,>*,#.####.##.#.# *,
>,,**,**,#.......*...# *,
,,,**,**,******#D#.#** *,
,,,,,,,,,* #@#.# *, *,,,*,****
#.#.# *, ,,*,,,******* #.#.## *,
,***,,,,,,..####....### **
,,*,,,****#...........# *,,,,,*
######....#.# ,,,,,** #.#.##,#
**,,,* #....#,* ,,,,,* ###..#,*


You could see a four-headed hydra and a friendly battlesphere.

Vanquished Creatures
  A hungry ghost (D:7)
  Edmund (D:5)
  2 water moccasins
  A black bear (D:7)
  2 orc warriors
  An ice beast (D:5)
  2 ogres
  A phantom (D:6)
  3 centaurs
  Blork the orc (D:5)
  The ghost of Ponchio the Magician, an amateur DECj (D:4)
  5 bullfrogs
  A howler monkey (D:5)
  3 crimson imps
  A quasit (D:7)
  A hound (D:7)
  3 orc priests
  2 bullfrog skeletons
  Terence (D:2)
  3 worker ants
  Natasha (thrice) (D:4)
  An iguana (D:7)
  10 orc wizards
  A hound skeleton (D:6)
  A worker ant zombie (D:7)
  4 gnolls (D:2)
  9 adders
  A shadow imp (D:6)
  2 oozes
  An adder zombie (D:7)
  7 worms
  4 dart slugs
  5 leopard geckos
  30 orcs
  2 giant cockroaches
  10 hobgoblins
  12 jackals
  7 quokkas
  2 ball pythons (D:2)
  11 bats
  4 frilled lizards
  13 goblins
  8 kobolds
  A leopard gecko skeleton (D:5)
  A quokka skeleton (D:5)
  5 rats
191 creatures vanquished.

Notes
Turn   | Place    | Note
-------+----------+-------------------------------------------
     0 | D:1      | Ponchio the Deep Elf Conjurer began the quest for the Orb.
     0 | D:1      | Reached XP level 1. HP: 10/10 MP: 6/6
   310 | D:1      | Reached XP level 2. HP: 15/15 MP: 5/8
  1410 | D:2      | Reached XP level 3. HP: 16/19 MP: 2/11
  1412 | D:2      | Reached skill level 5 in Spellcasting
  1512 | D:2      | Noticed Terence
  1523 | D:2      | Killed Terence
  1654 | D:2      | Found a hazy altar of Hepliaklqana.
  1685 | D:2      | Reached XP level 4. HP: 24/24 MP: 10/13
  2397 | D:2      | Reached XP level 5. HP: 28/28 MP: 8/16
  2813 | D:2      | Found a hazy altar of Hepliaklqana.
  4463 | D:4      | Learned a level 5 spell: Iskenderun's Battlesphere
  4470 | D:4      | Noticed Ponchio's ghost (amateur DECj)
  4483 | D:4      | Killed Ponchio's ghost
  4483 | D:4      | Reached XP level 6. HP: 9/32 MP: 11/19
  4715 | D:4      | Learned a level 3 spell: Dazzling Spray
  4877 | D:4      | Found Omynk's Jewellery Boutique.
  4888 | D:4      | Found Fuageuvi's Jewellery Shop.
  5013 | D:4      | Found Uhofuz's General Store.
  5021 | D:4      | Bought a scroll of teleportation for 36 gold pieces
  5021 | D:4      | Bought a scroll of identify for 24 gold pieces
  5205 | D:4      | Noticed Natasha
  5214 | D:4      | Killed Natasha
  5244 | D:4      | Found Uhofuz's General Store.
  5248 | D:4      | Noticed Natasha
  5254 | D:4      | Killed Natasha
  5254 | D:4      | Reached skill level 5 in Charms
  5385 | D:4      | Found Fuageuvi's Jewellery Shop.
  5542 | D:4      | Noticed Natasha
  5648 | D:4      | Killed Natasha
  5688 | D:4      | Found Omynk's Jewellery Boutique.
  5747 | D:4      | Found Uhofuz's General Store.
  5784 | D:4      | Found Omynk's Jewellery Boutique.
  5787 | D:4      | Found Fuageuvi's Jewellery Shop.
  6074 | D:5      | Entered Level 5 of the Dungeon
  6135 | D:5      | Noticed Blork the orc
  6139 | D:5      | Killed Blork the orc
  6139 | D:5      | Reached XP level 7. HP: 36/36 MP: 12/20
  6307 | D:5      | Found an iron altar of Okawaru.
  6336 | D:5      | Reached skill level 5 in Conjurations
  6351 | D:5      | Noticed a hill giant
  6556 | D:5      | Noticed Edmund
  6566 | D:5      | Killed Edmund
  6566 | D:5      | Reached XP level 8. HP: 41/41 MP: 1/22
  6942 | D:5      | Found a blossoming altar of Fedhas.
  7237 | D:6      | Found a basalt altar of Yredelemnul.
  7483 | D:6      | Found a staircase to the Ecumenical Temple.
  7489 | Temple   | Entered the Ecumenical Temple
  7527 | Temple   | Became a worshipper of Vehumet
  7821 | D:6      | Found Uduassat's Food Emporium.
  7885 | D:6      | Gained mutation: You are surrounded by a mild repulsion field. (EV +2) [potion of mutation]
  7885 | D:6      | Gained mutation: You are weak. (Str -2) [potion of mutation]
  8044 | D:6      | Gained mutation: Your spells are a little harder to cast, but a little more powerful. [potion of mutation]
  8044 | D:6      | Gained mutation: Scrolls take you a little longer to read. [potion of mutation]
  8044 | D:6      | Gained mutation: You are very weak. (Str -4) [potion of mutation]
  8045 | D:6      | Lost mutation: You are very weak. (Str -4) [potion of cure mutation]
  8045 | D:6      | Lost mutation: Scrolls take you a little longer to read. [potion of cure mutation]
  8045 | D:6      | Lost mutation: Your spells are a little harder to cast, but a little more powerful. [potion of cure mutation]
  8045 | D:6      | Lost mutation: You are surrounded by a mild repulsion field. (EV +2) [potion of cure mutation]
  8061 | D:7      | Reached XP level 9. HP: 45/45 MP: 16/24
  8334 | D:7      | Reached * piety under Vehumet
  8334 | D:7      | Offered knowledge of Sting by Vehumet.
  8494 | D:7      | Reached skill level 10 in Spellcasting
  8548 | D:7      | Reached skill level 10 in Charms
  8672 | D:7      | Found a deep blue altar of Sif Muna.
  9036 | D:8      | Offered knowledge of Throw Frost by Vehumet.
  9043 | D:8      | Noticed a four-headed hydra
  9047 | D:8      | Mangled by a four-headed hydra

Skill      XL: |  1  2  3  4  5  6  7  8  9 |
---------------+----------------------------+-----
Spellcasting   | 4 5 7 8 9 10 | 10.4
Charms         | 3 6 8 9 10 | 10.3
Conjurations   | 6 8 9 |  9.7
Dodging        | |  2.4
Stealth        | |  2.4

Action                   |  1- 3 |  4- 6 |  7- 9 || total
-------------------------+-------+-------+-------++-------
Melee: Dagger            |     3 |    14 |    19 ||    36
 Cast: Magic Dart        |    61 |   187 |   177 ||   425
       Dazzling Spray    |       |    13 |    10 ||    23
       Iskenderun's Batt |       |     3 |    27 ||    30
  Use: Scroll            |       |       |    18 ||    18
       Potion            |       |       |     4 ||     4
 Stab: Sleeping          |       |       |     1 ||     1
  Eat: Chunk             |     2 |    14 |    13 ||    29
       Pizza             |       |       |     1 ||     1
Armor: Robe              |       |     5 |    26 ||    31
Dodge: Dodged            |     5 |    19 |    49 ||    73
Block: Other             |       |       |     1 ||     1
       Reflection        |       |       |     1 ||     1
